 Dungeon Crawl Stone Soup version 0.13.0-26-gf7ffa3a (webtiles) character file.

98632 1Viktor the Impaler (level 15, -1/122 HPs)
             Began as a Minotaur Fighter on Oct 30, 2013.
             Was the Champion of Okawaru.
             Splashed by an acid blob's acid (4 damage)
             ... while paralysed by a giant eyeball
             ... on Level 1 of the Pits of Slime.
             The game lasted 03:13:17 (35784 turns).

1Viktor the Impaler (Minotaur Fighter)             Turns: 35784, Time: 03:13:17

HP  -1/122       AC 30     Str 23      XL: 15   Next: 73%
MP   6/10        EV  2     Int 10      God: Okawaru [******]
Gold 629         SH  0     Dex 16      Spells:  0 memorised, 14 levels left

Res.Fire  : + + .   See Invis. : .   r - +3 trident (venom)
Res.Cold  : + + .   Warding    : .   x - +2 plate armour {rF+}
Life Prot.: + + .   Conserve   : .   w - +3 large shield of the Evening Star {rElec rPois}
Res.Poison: +       Res.Corr.  : +   Q - +2 cap
Res.Elec. : +       Clarity    : .   G - +2 cloak of Okawaru's Castigation {rPois rF+ Acc+1 Stlth+}
Sust.Abil.: . .     Spirit.Shd : .   g - +4 pair of gloves of the Scribe {rN+ Int+3 Dam+3 Stlth-}
Res.Mut.  : .       Stasis     : .   f - -2 pair of boots
Res.Rott. : .       Flight     : .   c - amulet "Titeg" {rCorr rPois rC+ rN+ Dex+4 Dam+4}
Saprovore : . . .                    k - +2 ring of protection
                                     m - ring of protection from cold

@: paralysed, studying Dodging, slowed, somewhat resistant to hostile
enchantments, extremely unstealthy
A: retaliatory headbutt, horns 2, blurry vision 1, -10% hp
a: Heroism, Finesse, Renounce Religion


You were on level 1 of the Pits of Slime.
You worshipped Okawaru.
Okawaru was exalted by your worship.
You were very hungry.

You visited 6 branches of the dungeon, and saw 34 of its levels.

You collected 3015 gold pieces.
You spent 2406 gold pieces at shops.

Inventory:

Hand weapons
 r - a +3,+3 trident of venom (weapon)
 O - a +1,+1 glaive
Armour
 f - a -2 pair of boots (worn)
 g - the +4 pair of gloves of the Scribe (worn) {rN+ Int+3 Dam+3 Stlth-}
   (You found it on level 2 of the Lair of Beasts)

   It affects your intelligence (+3).
   It affects your damage-dealing abilities (+3).
   It protects you from negative energy.
   It makes you much less stealthy.
 w - the +3 large shield of the Evening Star (worn) {rElec rPois}
   (Okawaru gifted it to you on level 15 of the Dungeon)

   It insulates you from electricity.
   It protects you from poison.
 x - a +2 plate armour of fire resistance (worn)
 G - the +2 cloak of Okawaru's Castigation (worn) {rPois rF+ Acc+1 Stlth+}
   (Okawaru gifted it to you on level 4 of the Lair of Beasts)

   It affects your accuracy (+1).
   It protects you from fire.
   It protects you from poison.
   It makes you much more stealthy.
 Q - a +2 cap (worn)
Magical devices
 b - a wand of disintegration (15)
 n - a wand of disintegration (11)
 p - a wand of disintegration (18)
 y - a wand of digging (13)
 z - a wand of confusion (14) {unknown}
 A - a wand of frost (15)
 E - a wand of fireball (2)
 F - a wand of paralysis (12) {unknown}
 T - a wand of teleportation (0)
Comestibles
 d - 10 bread rations
 i - 3 meat rations
 s - a choko
Scrolls
 h - 2 scrolls of blinking
 j - 7 scrolls of remove curse
 q - 6 scrolls of identify
 u - 4 scrolls of teleportation
 D - 3 scrolls of enchant weapon II
 J - a scroll of amnesia
 L - a scroll of silence
 N - a scroll of holy word {unknown}
Jewellery
 a - an uncursed ring of ice
 c - the amulet "Titeg" (around neck) {rCorr rPois rC+ rN+ Dex+4 Dam+4}
   (You acquired it on level 1 of the Lair of Beasts)

   [amulet of resist corrosion]

   It affects your dexterity (+4).
   It affects your damage-dealing abilities (+4).
   It protects you from cold.
   It protects you from poison.
   It protects you from negative energy.
 k - a +2 ring of protection (right hand)
 l - an uncursed ring of flight {unknown}
 m - a ring of protection from cold (left hand)
 o - an uncursed amulet of resist corrosion {unknown}
 M - an uncursed amulet of clarity
 R - an uncursed ring of see invisible
Potions
 e - 2 potions of heal wounds
 v - 5 potions of curing
 S - a potion of magic {unknown}
Books
 t - a manual of Dodging
 B - a book of Power

   Spells                             Type                      Level
   Iskenderun's Mystic Blast          Conjuration                  4
   Venom Bolt                         Conjuration/Poison           5
   Bolt of Magma                      Conjuration/Fire/Earth       5
   Fulminant Prism                    Conjuration/Hexes            5
   Iron Shot                          Conjuration/Earth            6
   Orb of Destruction                 Conjuration                  7
 C - a book of Spatial Translocations

   Spells                             Type                      Level
   Apportation                        Translocation                1
   Portal Projectile                  Translocation                2
   Blink                              Translocation                2
   Shroud of Golubria                 Charms/Translocation         2
   Teleport Other                     Translocation                3
   Passage of Golubria                Translocation                4
 I - a book of the Warp

   Spells                             Type                      Level
   Recall                             Summoning/Translocation      3
   Control Teleport                   Charms/Translocation         4
   Phase Shift                        Translocation                5
   Warp Weapon                        Charms/Translocation         5
   Dispersal                          Translocation                6
   Controlled Blink                   Translocation                7
   Disjunction                        Translocation                8
Miscellaneous
 H - a stone of tremors
 K - a lantern of shadows


   Skills:
 + Level 15.7 Fighting
 + Level 17.1 Polearms
 + Level 12.5 Armour
 * Level 11.3 Dodging
 + Level 16.9 Shields
 + Level 2.0 Invocations
 + Level 2.0 Evocations


You had 14 spell levels left.
You didn't know any spells.

Dungeon Overview and Level Annotations

Branches:
Dungeon (15/27)            Temple (1/1) D:5             Orc (4/4) D:9
    Elf (0/3) Orc:3          Lair (8/8) D:11         Shoals (0/5) Lair:3
  Snake (4/5) Lair:4        Slime (2/6) Lair:8       Vaults (0/5) D:15

Altars:
Ashenzari
Cheibriados
Elyvilon
Fedhas
Kikubaaqudgha
Makhleb
Nemelex Xobeh
Okawaru
Sif Muna
Trog
Vehumet
Xom
Yredelemnul
Zin
the Shining One
Beogh

Shops:
D:7 (%=([   D:13 !(   Orc:2 ?   Orc:4 [*(+

Annotations:
D:9 exclusion: oklob sapling
Lair:7 exclusion: oklob plant


Innate Abilities, Weirdness & Mutations

You reflexively headbutt those who attack you in melee.
You have a pair of horns on your head.
Your vision is a little blurry.
You are frail (-10% HP).


Message History

A large slime creature splits.
The acid blob spits acid at you. The splash of acid hits you! You resist.
The acid burns!
You resist.
* * * LOW HITPOINT WARNING * * *
Two slime creatures merge to form an enormous slime creature.
The acid blob spits acid at you. The splash of acid hits you! You resist.
The acid burns!
You resist.
* * * LOW HITPOINT WARNING * * *
You block the brown ooze's attack.
Two slime creatures merge to form a titanic slime creature.
Two slime creatures merge to form a large slime creature.
The giant eyeball stares at you.
You suddenly lose the ability to move!
The brown ooze hits you but does no damage.
The acid blob hits you!
* * * LOW HITPOINT WARNING * * *
You are splashed with acid!
The acid burns!
You resist.
* * * LOW HITPOINT WARNING * * *
The acid blob spits acid at you. The splash of acid hits you! You resist.
The acid burns!
You resist.
You die...

....J.. ## ........... ##.
##.....#... #..
##.#.....#.## ##J
#...........#### ...
#.#.J........#.. .G...
##.J.J........#....... #
##...J..............>..
##.##....J@................
#.......#GJJ...............
#........J.>............ .
#.#....^..................
......#...................
#.#...#.........#.........
# #...##.......###.......
#.. .#....#..# #...... #..
...#....... ......


You could see 2 acid blobs, 2 giant amoebae, a titanic slime creature, a large
slime creature, a brown ooze, 2 oozes and a giant eyeball.

Vanquished Creatures
  3 acid blobs (Slime:1)
  Rupert (Snake:1)
  An orc warlord (Orc:4)
  A greater naga (Snake:4)
  4 vault guards (D:15)
  An ettin (Orc:3)
  The ghost of kober the Spear-Bearer, a powerful MfIE of Vehumet (Lair:4)
  Fannar (Snake:1)
  A ravenous item mimic (Lair:7)
  4 hydras
  3 anacondas
  Erica (Lair:4)
  The ghost of temujin the Brawler, an experienced TrMo of Jiyva (D:10)
  4 death yaks (Lair:6)
  3 orc high priests (Orc:4)
  4 naga warriors
  Erolcha (D:11)
  2 centaur warriors
  An ice devil (Orc:4)
  2 unseen horrors (D:15)
  5 hill giants
  A necromancer (Lair:4)
  Joseph (D:10)
  2 shining eyes (Slime:1)
  4 orc knights
  4 orc sorcerers (Orc:4)
  3 cyclopes
  A sixfirhy (Orc:4)
  14 slime creatures
  4 elephants (Lair:8)
  11 black mambas
  A wolf spider (Lair:7)
  A guardian serpent (Lair:4)
  6 spiny frogs
  4 brown oozes
  An efreet (D:13)
  10 spriggans (Lair:8)
  3 komodo dragons
  3 two-headed ogres
  3 naga magi
  2 giant fireflies (Lair:8)
  A queen bee (shapeshifter) (D:14)
  14 blink frogs
  A griffon zombie (D:12)
  3 trolls
  A red wasp zombie (D:15)
  3 wyverns
  A snapping turtle (Lair:3)
  9 grizzly bears
  30 yaks
  4 basilisks
  A shadow (D:11)
  6 sharks (D:9)
  An ugly thing (D:14)
  A hill giant zombie (D:15)
  An elephant slug (Lair:3)
  2 wraiths
  Grum (Orc:1)
  A steam dragon (D:9)
  4 hippogriffs
  4 hungry ghosts
  A soldier ant (D:11)
  A mottled dragon (D:13)
  A deep elf fighter (D:11)
  26 wolves
  A rock worm (D:15)
  Edmund (D:8)
  Menkaure (D:5)
  5 manticores
  40 orc warriors
  2 necrophages
  7 porcupines
  A yellow wasp (D:7)
  2 black bears (Lair:8)
  4 wandering mushrooms (D:9)
  50 nagas
  5 giant goldfish
  2 phantoms
  6 ogres
  3 sky beasts
  A boring beetle (Lair:8)
  8 ice beasts
  Duvessa (D:7)
  16 centaurs
  22 water moccasins
  14 crocodiles
  13 giant frogs
  A komodo dragon zombie (Lair:4)
  11 giant slugs
  4 big kobolds
  6 wargs
  3 cyclops zombies
  A giant slug zombie (Lair:4)
  A brain worm (D:14)
  6 agate snails
  A manticore skeleton (D:14)
  4 killer bees (D:13)
  A yak zombie (D:11)
  2 eyes of draining
  8 electric eels
  3 wights (D:15)
  8 jellyfish
  Dowan (D:7)
  7 crimson imps
  3 goliath beetles
  8 jellies
  A two-headed ogre zombie (D:15)
  3 quasits
  13 hounds
  9 iguanas
  24 orc priests
  4 big fish
  6 scorpions
  6 worker ants
  A black bear zombie (D:5)
  An orange rat (shapeshifter) (D:15)
  27 orc wizards
  28 sheep
  A sky beast zombie (D:6)
  Ijyb (D:5)
  Jessica (D:3)
  2 ogre skeletons
  A worker ant zombie (D:11)
  A mummy (D:12)
  11 gnolls
  A steam dragon zombie (D:11)
  32 green rats
  44 adders
  A steam dragon skeleton (D:7)
  4 giant centipedes
  An inept item mimic (D:2)
  7 worms
  A giant mite (Lair:5)
  2 ufetubi (Orc:3)
  3 giant eyeballs
  7 giant geckos
  3 oozes
  An ooze (shapeshifter) (D:15)
  206 orcs
  2 ball pythons
  23 bats
  A bat skeleton (D:5)
  3 giant cockroaches
  26 hobgoblins
  20 jackals
  35 kobolds
  9 quokkas
  5 giant newts
  A giant spore (D:14)
  18 goblins
  A goblin skeleton (D:5)
  A hobgoblin skeleton (D:4)
  A jackal skeleton (D:4)
  An orc skeleton (D:6)
  21 rats
  A rat skeleton (D:4)
  A rat zombie (D:6)
  4 ballistomycetes
  2 plants (Lair:3)
1156 creatures vanquished.

Vanquished Creatures (others)
  A naga (Snake:2)
  A giant spore (D:15)
  2 fungi (Lair:8)
  6 plants
10 creatures vanquished.

Grand Total: 1166 creatures vanquished

Notes
Turn   | Place    | Note
--------------------------------------------------------------
     0 | D:1      | 1Viktor, the Minotaur Fighter, began the quest for the Orb.
     0 | D:1      | Reached XP level 1. HP: 19/19 MP: 0/0
   124 | D:1      | Reached XP level 2. HP: 24/26 MP: 0/0
   161 | D:1      | Reached skill level 4 in Shields
   585 | D:2      | Reached XP level 3. HP: 33/33 MP: 1/1
   757 | D:2      | Reached skill level 1 in Dodging
   965 | D:2      | Reached XP level 4. HP: 37/40 MP: 1/1
  1209 | D:3      | Noticed a hippogriff
  1365 | D:3      | Noticed Jessica
  1373 | D:3      | Killed Jessica
  1822 | D:4      | Reached XP level 5. HP: 42/46 MP: 1/1
  2289 | D:4      | Reached skill level 5 in Armour
  2289 | D:4      | Reached skill level 5 in Shields
  2364 | D:4      | Found a shimmering altar of Xom.
  2477 | D:5      | Entered Level 5 of the Dungeon
  2481 | D:5      | Reached XP level 6. HP: 11/53 MP: 2/2
  2958 | D:5      | Noticed Ijyb
  2958 | D:5      | Noticed a centaur
  2958 | D:5      | Noticed a phantom
  3001 | D:4      | Killed a centaur
  3036 | D:4      | Killed a phantom
  3151 | D:5      | Killed Ijyb
  3214 | D:5      | Found a staircase to the Ecumenical Temple.
  3224 | Temple   | Entered the Ecumenical Temple
  3439 | Temple   | Became a worshipper of Warmaster Okawaru
  3540 | D:5      | Noticed a centaur
  3550 | D:5      | Killed a centaur
  3550 | D:5      | Reached skill level 5 in Fighting
  3550 | D:5      | Reached XP level 7. HP: 26/60 MP: 2/2
  3834 | D:5      | Reached skill level 6 in Shields
  3996 | D:5      | Noticed Menkaure
  4005 | D:5      | Killed Menkaure
  4313 | D:5      | Found a snail-covered altar of Cheibriados.
  4323 | D:5      | Acquired Okawaru's first power
  4707 | D:6      | Reached XP level 8. HP: 68/68 MP: 0/2
  4710 | D:6      | Reached skill level 5 in Polearms
  4710 | D:6      | Reached skill level 7 in Shields
  4926 | D:6      | Found a bloodstained altar of Trog.
  5080 | D:6      | Reached skill level 5 in Dodging
  5368 | D:7      | Noticed Duvessa
  5371 | D:7      | Noticed Dowan
  5380 | D:7      | Killed Duvessa
  5390 | D:7      | Killed Dowan
  5459 | D:7      | Found Soronoq's Antique Weapon Shop.
  5503 | D:7      | Found Phymnehe's Food Shoppe.
  5513 | D:7      | Found Phyituk's Jewellery Shoppe.
  5594 | D:7      | Found Betzemp's Weapon Emporium.
  5668 | D:7      | Reached XP level 9. HP: 49/74 MP: 1/4
  5674 | D:7      | Reached skill level 1 in Evocations
  6241 | D:7      | Reached skill level 8 in Shields
  6359 | D:7      | Found Geanain's Armour Shop.
  6365 | D:7      | Bought a +1 orcish cloak of poison resistance for 127 gold pieces
  6518 | D:8      | Noticed a cyclops
  6520 | D:8      | Noticed a centaur warrior
  6521 | D:8      | Noticed a harpy
  6888 | D:8      | Noticed Edmund
  6909 | D:8      | Killed Edmund
  8101 | D:9      | Reached skill level 9 in Shields
  8542 | D:9      | Reached XP level 10. HP: 56/83 MP: 5/5
  9268 | D:9      | Found a blossoming altar of Fedhas.
  9395 | D:9      | Reached skill level 10 in Shields
  9880 | D:9      | Found a roughly hewn altar of Beogh.
  9886 | D:9      | Found a staircase to the Orcish Mines.
  9987 | D:9      | Reached skill level 1 in Invocations
 10745 | D:9      | Reached skill level 10 in Polearms
 10794 | D:10     | Entered Level 10 of the Dungeon
 11114 | D:10     | Noticed Joseph
 11142 | D:10     | Killed Joseph
 11208 | D:10     | Noticed temujin's ghost (experienced TrMo)
 11241 | D:10     | Killed temujin's ghost
 11241 | D:10     | Reached XP level 11. HP: 51/92 MP: 4/5
 11959 | D:11     | Reached skill level 11 in Shields
 12341 | D:11     | Found a staircase to the Lair.
 12587 | D:11     | Noticed a hill giant
 12617 | D:11     | Killed a hill giant
 12627 | D:11     | Acquired Okawaru's second power
 12995 | D:11     | Found a burning altar of Makhleb.
 13109 | D:11     | Reached skill level 10 in Armour
 13114 | D:11     | Noticed Erolcha
 13418 | D:12     | Received a gift from Okawaru
 13482 | D:12     | Reached skill level 12 in Shields
 14471 | Lair:1   | Entered Level 1 of the Lair of Beasts
 15116 | Lair:1   | Noticed an eight-headed hydra
 15128 | Lair:1   | Killed an eight-headed hydra
 15128 | Lair:1   | Reached XP level 12. HP: 72/102 MP: 4/7
 15701 | Lair:1   | Upgraded the game from 0.13.0-25-g43d4df3 to 0.13.0-26-gf7ffa3a
 15760 | Lair:2   | Got a pair of twisted gloves
 15765 | Lair:2   | Identified the cursed +4 pair of gloves of the Scribe {rN+ Int+3 Dam+3 Stlth-} (You found it on level 2 of the Lair of Beasts)
 15805 | Lair:2   | Reached skill level 10 in Fighting
 16068 | Lair:2   | Got a transparent hand axe
 16210 | Lair:2   | Identified the cursed +6,+5 hand axe of Precise Incision {chop, rF+} (You found it on level 2 of the Lair of Beasts)
 16573 | Lair:3   | Received a gift from Okawaru
 16582 | Lair:3   | Got an iridescent sling {god gift}
 16602 | Lair:3   | Found a staircase to the Shoals.
 17263 | Lair:4   | Found a staircase to the Snake Pit.
 17372 | Lair:4   | Noticed kober's ghost (powerful MfIE)
 17393 | Lair:4   | Killed kober's ghost
 17393 | Lair:4   | Reached skill level 13 in Polearms
 17621 | Lair:4   | Noticed Erica
 17643 | Lair:4   | Killed Erica
 18041 | Lair:4   | Received a gift from Okawaru
 18044 | Lair:4   | Got a dazzling cloak {god gift}
 18048 | Lair:4   | Identified the +2 cloak of Okawaru's Castigation {rPois rF+ Acc+1 Stlth+} (Okawaru gifted it to you on level 4 of the Lair of Beasts)
 18662 | Lair:4   | Identified the Reference Book on the Snowflakes
 20202 | Lair:6   | Reached XP level 13. HP: 109/113 MP: 4/7
 21404 | Lair:7   | Found a basalt altar of Yredelemnul.
 21872 | Lair:7   | Reached skill level 14 in Polearms
 22334 | Lair:8   | Entered Level 8 of the Lair of Beasts
 22984 | Lair:8   | Found a staircase to the Slime Pits.
 23415 | Lair:8   | Received a gift from Okawaru
 23794 | Lair:8   | Reached XP level 14. HP: 124/124 MP: 8/8
 24247 | Lair:1   | Identified a scroll of acquirement
 24248 | Lair:1   | Got a steaming diamond amulet
 24251 | Lair:1   | Identified the amulet "Titeg" {rCorr rPois rC+ rN+ Dex+4 Dam+4} (You acquired it on level 1 of the Lair of Beasts)
 24425 | Orc:1    | Entered Level 1 of the Orcish Mines
 24449 | Orc:1    | Reached skill level 15 in Polearms
 24571 | Orc:2    | Noticed Grum
 24599 | Orc:1    | Killed Grum
 24922 | Orc:2    | Found Bleff's Magic Scroll Boutique.
 25939 | Orc:3    | Found a staircase to the Elven Halls.
 26759 | Orc:4    | Entered Level 4 of the Orcish Mines
 26759 | Orc:4    | Found Kiler's Antique Weapon Boutique.
 27276 | Orc:4    | Reached skill level 15 in Shields
 27437 | Orc:4    | Found Smaajame's Book Shoppe.
 27537 | Orc:4    | Noticed an orc warlord
 27537 | Orc:4    | Found Graupsat's General Store.
 27544 | Orc:4    | Found Pniduck's Antique Armour Emporium.
 27597 | Orc:4    | Killed an orc warlord
 27597 | Orc:4    | Received a gift from Okawaru
 28528 | Orc:4    | Bought a potion of might for 42 gold pieces
 28528 | Orc:4    | Bought a potion of invisibility for 93 gold pieces
 28585 | Orc:4    | Bought a pair of heavily runed gloves for 136 gold pieces
 28589 | Orc:4    | Identified the cursed -1 pair of gloves of the Gastropod {rF+ rC+} (You bought it in a shop on level 4 of the Orcish Mines)
 28839 | Orc:4    | Bought a manual of Dodging for 1656 gold pieces
 29238 | D:13     | Found Wounen's Distillery.
 29259 | D:13     | Bought a potion of resistance for 105 gold pieces
 29259 | D:13     | Bought a potion of brilliance for 37 gold pieces
 29259 | D:13     | Bought a potion of slowing for 15 gold pieces
 29259 | D:13     | Bought a potion of brilliance for 37 gold pieces
 29259 | D:13     | Bought a potion of restore abilities for 45 gold pieces
 29486 | D:13     | Found Xympaollue's Antique Weapon Shoppe.
 29492 | D:13     | Bought a glowing trident for 113 gold pieces
 29966 | D:14     | Entered Level 14 of the Dungeon
 30371 | D:14     | Found a bloodstained altar of Trog.
 30433 | D:14     | Paralysed by a giant eyeball for 2 turns
 30440 | D:14     | Paralysed by a giant eyeball for 4 turns
 30615 | D:15     | Entered Level 15 of the Dungeon
 30615 | D:15     | Found a white marble altar of Elyvilon.
 31160 | D:14     | Reached skill level 16 in Shields
 31277 | D:15     | Received a gift from Okawaru
 31280 | D:15     | Got a distressingly furry large shield {god gift}
 31296 | D:15     | Identified the +3 large shield of the Evening Star {rElec rPois} (Okawaru gifted it to you on level 15 of the Dungeon)
 31483 | D:15     | Found a staircase to the Vaults.
 31500 | D:15     | Reached skill level 10 in Dodging
 31525 | D:15     | Reached XP level 15. HP: 94/134 MP: 10/10
 31830 | D:11     | Killed Erolcha
 31982 | Snake:1  | Entered Level 1 of the Snake Pit
 32029 | Snake:1  | Reached skill level 15 in Fighting
 32051 | Snake:1  | Noticed Rupert
 32081 | Snake:1  | Killed Rupert
 32093 | Snake:1  | Noticed Fannar
 32106 | Snake:1  | Killed Fannar
 34969 | Snake:4  | Received a gift from Okawaru
 35434 | Slime:1  | Entered Level 1 of the Pits of Slime
 35434 | Slime:1  | Noticed an acid blob
 35448 | Slime:1  | Killed an acid blob
 35580 | Slime:1  | Paralysed by a giant eyeball for 4 turns
 35595 | Slime:1  | Noticed an acid blob
 35604 | Slime:1  | Killed an acid blob
 35604 | Slime:1  | Reached skill level 17 in Polearms
 35721 | Slime:2  | Noticed an acid blob
 35723 | Slime:2  | Paralysed by a great orb of eyes for 7 turns
 35735 | Slime:1  | Killed an acid blob
 35749 | Slime:1  | Noticed an acid blob
 35758 | Slime:1  | Gained mutation: Your vision is a little blurry. [a shining eye]
 35759 | Slime:1  | Gained mutation: You are frail (-10% HP). [a shining eye]
 35760 | Slime:1  | Paralysed by a giant eyeball for 4 turns
 35771 | Slime:1  | Paralysed by a giant eyeball for 2 turns
 35775 | Slime:1  | Noticed an acid blob
 35777 | Slime:1  | Paralysed by a giant eyeball for 2 turns
 35779 | Slime:1  | Noticed an acid blob
 35782 | Slime:1  | Paralysed by a giant eyeball for 3 turns
 35783 | Slime:1  | HP: 5/122 [acid blob (17)]
 35784 | Slime:1  | Splashed by an acid blob's acid

Action                   |  1- 3 |  4- 6 |  7- 9 | 10-12 | 13-15 || total
-------------------------+-------+-------+-------+-------+-------++-------
Melee: Trident           |    78 |   235 |   620 |  1930 |  2155 ||  5018
Invok: Heroism           |       |       |     7 |    12 |    13 ||    32
Evoke: Wand              |       |       |    16 |    13 |    10 ||    39
  Use: Scroll            |       |     5 |     8 |    16 |     9 ||    38
       Potion            |       |       |       |     2 |     3 ||     5
 Stab: Fleeing           |       |       |       |       |     3 ||     3
